 Dungeon Crawl Stone Soup version 0.18-b1-22-ge198996 (webtiles) character file.

1011 Chiseanne the Magician (level 8, -5/52 HPs)
             Began as a Demonspawn Wizard on May 3, 2016.
             Slain by an ogre
             ... wielding a +0 giant spiked club
              (30 damage)
             ... on level 7 of the Dungeon.
             The game lasted 00:18:37 (6795 turns).

Chiseanne the Magician (Demonspawn Wizard)          Turns: 6795, Time: 00:18:37

Health: -5/52      AC:  8    Str: 10    XL:     8   Next: 1%
Magic:  2/17       EV:  7    Int: 21    God:
Gold:   270        SH:  0    Dex: 11    Spells: 5 memorised, 9 levels left

rFire  + . .     SeeInvis +     s - +3 trident (freeze)
rCold  . . .     Gourm    .     v - +1 robe {rF+}
rNeg   . . .     Faith    .     (no shield)
rPois  +         Spirit   .     q - +0 helmet
rElec  .         Dismiss  .     (no cloak)
rCorr  .         Reflect  .     (no gloves)
SustAt .         Harm     .     (no boots)
MR     .....                    (no amulet)
Stlth  ++........               K - ring of see invisible
                                i - ring of poison resistance

@: very slightly contaminated, repel missiles, not resistant to hostile
enchantments, unstealthy
A: rough black scales 1, powered by death 1, strong 1
a: no special abilities


You were on level 7 of the Dungeon.
You were not hungry.

You visited 2 branches of the dungeon, and saw 8 of its levels.

You collected 270 gold pieces.

Inventory:

Hand Weapons
 a - a +0 mace of protection
 s - a +3 trident of freezing (weapon)
 w - a +0 hunting sling
Missiles
 e - 36 poisoned needles
 l - 94 sling bullets
 n - 136 stones (quivered)
 r - 40 arrows
 y - 7 javelins
 F - 13 bolts
Armour
 g - a +2 leather armour of positive energy
 q - a +0 helmet (worn)
 v - a +1 robe of fire resistance (worn)
 E - a +0 buckler
Jewellery
 i - a ring of poison resistance (left hand)
 K - a ring of see invisible (right hand)
Scrolls
 b - 3 scrolls of teleportation
 f - 4 scrolls of remove curse
 t - 2 scrolls of fog
 A - a scroll of amnesia
 H - a scroll of fear
 I - a scroll of immolation
Potions
 j - a potion of berserk rage
 k - a potion of cure mutation {unknown}
 m - 2 potions of curing {unknown}
 o - a potion of might {unknown}
 p - 3 potions of haste
 u - a potion of magic
 z - 2 potions of mutation {unknown}
 G - 2 potions of resistance
Books
 c - a book of Minor Magic

   Spells                             Type                      Level
   a - Magic Dart                     Conjuration                  1
   b - Blink                          Translocation                2
   c - Call Imp                       Summoning                    2
   d - Repel Missiles                 Charms/Air                   2
   e - Slow                           Hexes                        2
   f - Conjure Flame                  Conjuration/Fire             3
   g - Mephitic Cloud                 Conjuration/Poison/Air       3
 x - a book of Flames

   Spells                             Type                      Level
   a - Flame Tongue                   Conjuration/Fire             1
   b - Throw Flame                    Conjuration/Fire             2
   c - Conjure Flame                  Conjuration/Fire             3
   d - Inner Flame                    Hexes/Fire                   3
   e - Sticky Flame                   Conjuration/Fire             4
   f - Fireball                       Conjuration/Fire             5
Comestibles
 d - 4 bread rations
 h - 2 meat rations
 C - 5 fruits
 D - a beef jerky


   Skills:
 - Level 1.4 Armour
 - Level 1.7 Dodging
 - Level 1.7 Stealth
 * Level 6.5 Spellcasting
 * Level 6.4 Conjurations
   Level 1.0 Summonings
 - Level 0.8 Translocations


You had 9 spell levels left.
You knew the following spells:

 Your Spells              Type           Power        Failure   Level  Hunger
a - Magic Dart            Conj           ####         1%          1    None
b - Blink                 Tloc           N/A          12%         2    None
c - Repel Missiles        Chrm/Air       #.....       14%         2    None
d - Mephitic Cloud        Conj/Pois/Air  ###.....     14%         3    #......
e - Conjure Flame         Conj/Fire      ###.....     10%         3    #......


Dungeon Overview and Level Annotations

Branches:
Dungeon (7/15)             Temple (1/1) D:5

Altars:
Dithmenos
Elyvilon
Fedhas
Makhleb
Okawaru
Pakellas
Qazlal
Ru
Trog
Yredelemnul
Zin
The Shining One

Annotations:
D:6 Edmund


Innate Abilities, Weirdness & Mutations

You are partially covered in rough black scales (AC +4, Dex -1).
You regenerate a little health from kills.
Your muscles are strong. (Str +2)


Message History

The howler monkey howls!
The howler monkey hoots and howls with incredible vigour!
You hear a shout! x2
You feel less regenerative.
There is a stone staircase leading down here.
The ogre hits you with a giant spiked club!!
You climb downwards. 2 crimson imps come into view.
The crimson imp shouts!
There is a stone staircase leading up here.
Casting: Mephitic Cloud
Confirm with . or Enter, or press ? or * to list all spells.
You miscast Blink.
You are very lightly contaminated with residual magic.
You feel uncomfortable.
The crimson imp shouts!
The crimson imp blinks!
The ogre hits you with a giant spiked club!!
Ouch! That really hurt!
You die...

.. ##..
#...######
.........#
#.......##
#........#
#.5......#
#ยง..5.@..#
#....O...#
##........#
##......##
###....#
###.## ##


You could see an ogre and 2 crimson imps.

Vanquished Creatures
  A black bear (D:6)
  A phantom (D:5)
  An ogre (D:5)
  A giant frog (D:6)
  5 scorpions
  A crimson imp (D:5)
  A jelly (D:5)
  An orc priest (D:3)
  2 orc wizards (D:3)
  An iguana (D:5)
  3 worker ants
  6 adders
  3 shadow imps (D:5)
  2 oozes (D:2)
  An adder zombie (D:5)
  3 worms
  5 dart slugs
  3 giant geckos
  10 orcs
  3 ball pythons
  3 giant cockroaches (D:1)
  5 goblins
  9 hobgoblins
  5 jackals (D:5)
  A quokka (D:4)
  6 bats
  4 giant newts
  3 kobolds
  A quokka skeleton (D:5)
  5 rats
96 creatures vanquished.

Notes
Turn   | Place    | Note
--------------------------------------------------------------
     0 | D:1      | Chiseanne the Demonspawn Wizard began the quest for the Orb.
     0 | D:1      | Reached XP level 1. HP: 13/13 MP: 4/4
   403 | D:1      | Gained mutation: You regenerate a little health from kills. [demonic ancestry]
   403 | D:1      | Reached XP level 2. HP: 19/19 MP: 4/6
   441 | D:1      | Reached skill level 1 in Armour
   649 | D:1      | Learned a level 2 spell: Blink
   652 | D:1      | Learned a level 2 spell: Repel Missiles
   782 | D:1      | You fall through a shaft!
   978 | D:1      | Gained mutation: You are partially covered in rough black scales (AC +4, Dex -1). [demonic ancestry]
   978 | D:1      | Reached XP level 3. HP: 24/24 MP: 4/7
  1378 | D:2      | Learned a level 3 spell: Mephitic Cloud
  1617 | D:2      | Found a stormy altar of Qazlal.
  2123 | D:2      | Reached XP level 4. HP: 26/30 MP: 0/9
  2696 | D:3      | Found an iron altar of Okawaru.
  2697 | D:3      | Found a white marble altar of Elyvilon.
  3365 | D:3      | Reached XP level 5. HP: 35/35 MP: 6/11
  3408 | D:3      | Learned a level 3 spell: Conjure Flame
  3583 | D:3      | Found a basalt altar of Yredelemnul.
  4150 | D:4      | Found an oddly glowing altar of Pakellas.
  4507 | D:4      | Reached XP level 6. HP: 41/41 MP: 4/13
  4590 | D:4      | Reached skill level 5 in Spellcasting
  5024 | D:4      | Found a glowing silver altar of Zin.
  5120 | D:5      | Entered Level 5 of the Dungeon
  5442 | D:5      | Reached skill level 5 in Conjurations
  5442 | D:5      | Reached XP level 7. HP: 46/46 MP: 11/15
  5521 | D:5      | Found a staircase to the Ecumenical Temple.
  5537 | Temple   | Entered the Ecumenical Temple
  6181 | D:5      | Gained mutation: Your muscles are strong. (Str +2) [potion of beneficial mutation]
  6776 | D:6      | Reached XP level 8. HP: 30/52 MP: 1/17
  6780 | D:6      | Noticed Edmund
  6795 | D:7      | Slain by an ogre

Skill      XL: |  1  2  3  4  5  6  7 |
---------------+----------------------+-----
Armour         | 1 |  1.4
Conjurations   | 2 3 4 5 6 |  6.4
Spellcasting   | 4 5 6 |  6.5
Dodging        | |  1.7
Stealth        | |  1.7
Summonings     | |  1.0
Translocations | |  0.8

Action                   |  1- 3 |  4- 6 |  7- 9 || total
-------------------------+-------+-------+-------++-------
Melee: Dagger            |    27 |       |       ||    27
       Short sword       |     3 |    18 |       ||    21
       Trident           |       |    30 |    13 ||    43
       Mace              |       |     1 |       ||     1
 Cast: Magic Dart        |    96 |   153 |    84 ||   333
       Repel Missiles    |     1 |       |       ||     1
       Mephitic Cloud    |       |     4 |     1 ||     5
       Blink             |       |     1 |     1 ||     2
       Conjure Flame     |       |       |     1 ||     1
  Use: Scroll            |     7 |     6 |     5 ||    18
       Potion            |       |       |     1 ||     1
 Stab: Confused          |       |     2 |       ||     2
  Eat: Chunk             |     4 |    10 |     4 ||    18
Armor: Leather armour    |    12 |       |       ||    12
       Robe              |     1 |    23 |    11 ||    35
Dodge: Dodged            |    26 |    49 |    24 ||    99
       Deflected         |     1 |       |       ||     1
